 Dungeon Crawl Stone Soup version 0.31.0-10-gcf4a605ca0 (webtiles) character file.

Game seed: 10290689984363189578

27576 Implojin the Cardsharp (level 13, -1/114 HPs)
             Began as a Deep Elf Gladiator on Jan 26, 2024.
             Was a High Priest of Nemelex Xobeh.
             Succumbed to a black mamba's poison
             ... on level 2 of the Lair of Beasts.
             The game lasted 01:18:04 (22993 turns).

Implojin the Cardsharp (Deep Elf Gladiator)        Turns: 22993, Time: 01:18:05

Health: -1/114     AC: 16    Str: 11    XL:     13   Next: 5%
Magic:  23/23      EV: 14    Int: 15    God:    Nemelex Xobeh [*****.]
Gold:   1257       SH:  0    Dex: 20    Spells: 11/12 levels left

rFire   . . .        I - +3 long sword
rCold   + . .        (no shield)
rNeg    . . .        J - +5 scale mail "Gemmu" {rElec}
rPois   .            x - +0 helmet
rElec   +            N - +0 cloak
rCorr   +            L - +0 pair of gloves
SInv    .            (no boots)
Will    +....        (no amulet) Stlth
                     i - ring of resist corrosion
HPRegen 0.39/turn    A - ring of protection from cold
MPRegen 0.18/turn

%: no passive effects
@: berserking (expiring), lethally poisoned (-1 -> -11), very quick
A: no striking features
a: Renounce Religion, Draw Escape, Draw Destruction, Draw Summoning, Triple
Draw, Deal Four, Stack Five


You were on level 2 of the Lair of Beasts.
You worshipped Nemelex Xobeh.
Nemelex Xobeh was extremely pleased with you.
You visited 3 branches of the dungeon, and saw 15 of its levels.

You collected 1257 gold pieces.

Inventory:

Hand Weapons
 a - a +0 rapier
 r - a +4 orcbow
 t - a +2 dagger of venom
 v - a +3 great sword
 y - a +0 heavy dire flail
 z - a +1 short sword of electrocution
 E - a +2 short sword of venom
 I - a +3 long sword (weapon)
 R - a +3 long sword of holy wrath
Missiles
 c - a boomerang
 e - 8 javelins
 l - 116 stones
 p - 24 poisoned darts
 q - a curare-tipped dart
Armour
 b - a +0 troll leather armour
 g - a +5 plate armour of ponderousness
 x - a +0 helmet (worn)
 J - the +5 scale mail "Gemmu" (worn) {rElec}
   (You found it on level 7 of the Dungeon)

   rElec:     It insulates you from electricity.
 L - a +0 pair of gloves (worn)
 M - a scarf of resistance
 N - a +0 cloak (worn)
 V - a +2 leather armour
Jewellery
 i - a ring of resist corrosion (left hand)
 o - an amulet of magic regeneration
 w - a ring of flight
 A - a ring of protection from cold (right hand)
 D - a ring of positive energy
Wands
 K - a wand of flame (13)
 P - a wand of polymorph (1)
Scrolls
 m - a scroll of silence {unknown}
 u - 2 scrolls of noise
 B - 3 scrolls of enchant weapon
 F - a scroll of immolation {unknown}
 S - 2 scrolls of torment
Potions
 f - a potion of enlightenment {unknown}
 j - 3 potions of magic
 k - 3 potions of ambrosia
 n - a potion of mutation {unknown}
 C - a potion of attraction
 H - 2 potions of might
 Q - a potion of haste {unknown}
 U - a potion of resistance {unknown}


   Skills:
 - Level 7.0 Fighting
 - Level 8.0(10.6) Short Blades
 - Level 10.2(11.2) Long Blades
 - Level 3.8 Throwing
 * Level 7.0 Armour
 - Level 10.5 Dodging
 - Level 5.0 Stealth
 - Level 11.0 Invocations


You had 11 spell levels left.
You knew the following spells:

 Your Spells              Type           Power      Damage    Failure   Level
a - Apportation           Tloc           0%         N/A       77%         1

Your spell library contained the following spells:

 Spells                   Type           Power      Damage    Failure   Level
 Necrotise                Necr           0%         1d4       77%         1
 Sting                    Conj/Alch      0%         1d3       77%         1
 Summon Small Mammal      Summ           0%         N/A       77%         1
 Call Imp                 Summ           0%         N/A       88%         2
 Sublimation of Blood     Necr           0%         N/A       88%         2
 Ozocubu's Armour         Ice            0%         N/A       98%         3
 Tukima's Dance           Hex            0%         N/A       98%         3
 Dimensional Bullseye     Hex/Tloc       0%         N/A       100%        4
 Ignite Poison            Fire/Alch      0%         N/A       100%        4
 Iskenderun's Mystic Bla  Conj/Tloc      0%         2d3       100%        4
 Sticky Flame             Fire/Alch      0%         2d4       100%        4
 Metabolic Englaciation   Hex/Ice        0%         N/A       100%        5
 Sculpt Simulacrum        Ice/Alch       0%         N/A       100%        6
 Summon Hydra             Summ           0%         N/A       100%        7
 Ignition                 Fire           0%         3d3       100%        8


Dungeon Overview and Level Annotations

Branches:
Dungeon (11/15)            Temple (1/1) D:5            Lair (3/5) D:8
  Swamp (0/4) Lair:2        Snake (0/4) Lair:2          Orc (0/2) D:10

Altars:
Ashenzari
Cheibriados
Dithmenos
Elyvilon
Fedhas
Gozag
Hepliaklqana
Kikubaaqudgha
Makhleb
Nemelex Xobeh
Okawaru
Qazlal
Ru
Sif Muna
Trog
Uskayaw
Vehumet
Wu Jian
Xom
Yredelemnul
Zin
The Shining One

Portals:
Trove: D:11 (give 4 scrolls of blinking)

Annotations:
D:5 2 transporters, SuperJoe's ghost, weakling FoDe
D:6 1 transporter, Gadfly's ghost, novice MfSh
D:9 exclusion: two-headed ogre
D:11 exclusion: cyclops
Lair:1 exclusion: cane toad
Lair:2 2 runed translucent doors, exclusion: 2 doors, Dekkoka's ghost, journeyman HOEE


Message History

The cane toad gives a loud, deep croak!
You slash the black mamba!
The black mamba is moderately wounded.
You feel sick. The black mamba bites you.
You are more poisoned.
The black mamba poisons you!
Danger: Low HP Warning |T3| Reason: 31% HP (36/114)
You slash the black mamba!
The black mamba is heavily wounded.
You feel very sick. The black mamba closely misses you.
Danger: Low HP Warning |T3| Reason: 28% HP (32/114)
You miss the black mamba.
The black mamba is heavily wounded.
You feel very sick.
The black mamba bites you but does no damage.
Danger: Low HP Warning |T3| Reason: 25% HP (29/114)
You slash the black mamba!
You kill the black mamba!
You feel very sick.
Your Armour skill increases to level 7!
Danger: Low HP Warning |T3| Reason: 22% HP (26/114)
You are too berserk!
Unknown command.
You swing at nothing.
You feel very sick.
Danger: Low HP Warning |T3| Reason: 21% HP (24/114)
You hit the cane toad.
The cane toad is lightly wounded.
You feel very sick. The cane toad stings you.
Danger: Low HP Warning |T3| Reason: 15% HP (18/114)
You completely miss the cane toad.
The cane toad is lightly wounded.
You feel sick. The cane toad stings you!
Danger: Low HP Warning |T3| Reason: 0% HP (1/114)
You slash the cane toad!
The cane toad is moderately wounded.
You die...
Your body glows slightly and disappears.

.♣♣♣♣♣♣♣...#.....♣♣♣♣♣.....#†....
♣♣♣♣§§♣♣#..#♣....♣.♣.♣....♣#†##..
♣♣~~§§♣♣...#♣♣....♣.♣....♣♣#.....
♣~~~~♣♣♣...########.########.#..#
~~~P~♣♣♣...#...####....^...#.....
~~~~♣♣♣.P..#.♣.'F.######.♣.#.....
~~~♣♣♣.....#.♣.#.F)+ ♣ #.....
~♣♣♣♣..#.P.#.♣.###### #...#.
♣......#...#...F@#..# #.†.##
♣..........########.## #.....
..#....#.P.# ♣♣...♣♣ #.....
...........#♣♣ ♣♣.♣.♣.♣♣ ♣♣#.....
..#..P.#...#.♣♣♣.♣♣.♣♣.♣♣♣.#.....
...........#♣.♣.♣♣♣.♣♣♣.♣.♣#.....
.###.P.#P..#♣♣.♣♣♣♣.♣♣♣♣.♣♣#.....
...........#######...#######.....
P#.P..###.....................PP.


You could see a cane toad.

Vanquished Creatures
  A two-headed ogre (D:11)
  Pikel (D:4)
  A deep elf pyromancer (D:11)
  3 elephants
  A salamander (Lair:2)
  2 black mambas (Lair:2)
  7 cane toads
  5 kobold demonologists
  5 komodo dragons
  A rime drake (Lair:1)
  A polar bear (Lair:1)
  4 trolls
  12 blink frogs
  A hornet (Lair:2)
  A shadow (D:10)
  A wraith (D:11)
  6 wyverns
  17 yaks
  A hog (Lair:3)
  A human (Lair:2)
  2 basilisks
  A fire bat (D:8)
  Edmund (D:4)
  2 acid dragons
  3 nagas (Lair:2)
  7 water moccasins
  2 sky beasts (D:7)
  2 orc warriors (D:11)
  An ice beast (D:7)
  An ogre (D:4)
  2 black bears
  6 wolves
  8 centaurs
  A crocodile (Lair:3)
  2 phantoms
  4 lemures (D:4)
  7 kobold brigands
  12 bullfrogs
  5 scorpions
  6 wights
  15 killer bees
  2 troll zombies (D:10)
  5 howler monkeys
  An electric eel (Lair:1)
  3 hounds
  2 orc priests
  4 bombardier beetles
  A jelly (D:6)
  A sleepcap (D:5)
  4 iguanas
  3 orc wizards
  3 hell rats (Lair:1)
  6 ogre zombies (D:10)
  Robin (D:4)
  8 adders
  4 gnolls
  2 ufetubi (D:6)
  3 dart slugs
  22 orcs
  5 endoplasms
  2 giant cockroaches
  3 gnoll zombies (D:10)
  9 goblins
  14 hobgoblins
  4 jackals
  17 kobolds
  4 quokkas
  7 ball pythons
  7 bats
  5 frilled lizards
  A gnoll skeleton (D:10)
  4 orc skeletons (D:10)
  17 orc zombies (D:10)
  4 rats
340 creatures vanquished.

Vanquished Creatures (collateral kills)
  A two-headed ogre (D:10)
  A goliath frog (Lair:2)
  2 elephants (Lair:1)
  A rime drake (Lair:3)
  6 blink frogs
  4 yaks (Lair:1)
  A wyvern (Lair:3)
  A centaur (Lair:1)
  A scorpion (Lair:1)
  2 wights (D:9)
  2 hell rats (Lair:1)
  A river rat (Lair:1)
23 creatures vanquished.

Vanquished Creatures (others)
  A yak (D:10)
1 creature vanquished.

Grand Total: 364 creatures vanquished

Notes
Turn   | Place    | Note
-------+----------+-------------------------------------------
     0 | D:1      | Implojin the Deep Elf Gladiator began the quest for the
                  | Orb.
     0 | D:1      | Reached XP level 1. HP: 12/12 MP: 3/3
   189 | D:1      | Reached skill level 1 in Stealth
   255 | D:1      | Reached XP level 2. HP: 17/17 MP: 4/4
   835 | D:1      | Reached XP level 3. HP: 18/21 MP: 5/5
  2140 | D:3      | Found a hide-covered altar of Uskayaw.
  2417 | D:4      | Noticed Pikel
  2417 | D:4      | Noticed a lemure
  2509 | D:2      | Reached XP level 4. HP: 22/26 MP: 6/6
  2784 | D:4      | Noticed Robin
  2861 | D:4      | Reached skill level 5 in Dodging
  2871 | D:4      | Killed Robin
  2985 | D:4      | Noticed Edmund
  3225 | D:4      | Noticed a scorpion
  3253 | D:4      | Killed a scorpion
  3254 | D:4      | Reached skill level 5 in Short Blades
  3254 | D:4      | Reached XP level 5. HP: 30/30 MP: 7/7
  3317 | D:4      | Killed Edmund
  3318 | D:4      | Reached XP level 6. HP: 35/35 MP: 8/8
  3634 | D:4      | Found an ornate altar of the Wu Jian Council.
  3844 | D:4      | Reached XP level 7. HP: 41/41 MP: 9/9
  4361 | D:5      | Entered Level 5 of the Dungeon
  4977 | D:5      | Found a staircase to the Ecumenical Temple.
  4995 | Temple   | Entered the Ecumenical Temple
  5010 | Temple   | Became a worshipper of Nemelex Xobeh the Trickster
  5053 | D:5      | You fall into a shaft and drop 1 floor!
  5396 | D:6      | Reached XP level 8. HP: 43/46 MP: 10/10
  5487 | D:6      | Noticed Gadfly's ghost (novice MfSh)
  5489 | D:6      | Found a transporter.
  5596 | D:5      | Noticed a hornet
  5598 | D:5      | Reached skill level 1 in Invocations
  5608 | D:5      | Found a transporter.
  5613 | D:5      | Found a transporter.
  5614 | D:5      | Noticed SuperJoe's ghost (weakling FoDe)
  5628 | D:5      | Reached * piety under Nemelex Xobeh
  5705 | D:5      | Reached skill level 2 in Invocations
  6136 | D:6      | Reached skill level 3 in Invocations
  6220 | D:6      | Received a gift from Nemelex Xobeh
  6254 | D:6      | Found a basalt altar of Yredelemnul.
  6298 | D:7      | Found a burning altar of Makhleb.
  6303 | D:7      | Found a glowing silver altar of Zin.
  6303 | D:7      | Noticed an Executioner
  6303 | D:7      | Noticed an angel
  6363 | D:7      | Received a gift from Nemelex Xobeh
  6572 | D:7      | Reached skill level 4 in Invocations
  6732 | D:7      | Reached skill level 5 in Invocations
  6816 | D:7      | Reached ** piety under Nemelex Xobeh
  7098 | D:7      | Reached skill level 6 in Invocations
  7353 | D:7      | Reached skill level 5 in Stealth
  7604 | D:7      | Identified the +5 scale mail "Gemmu" {rElec}
  8014 | D:8      | Noticed a komodo dragon
  8018 | D:8      | Received a gift from Nemelex Xobeh
  8033 | D:8      | Reached XP level 9. HP: 27/52 MP: 15/15
  8390 | D:8      | Killed a komodo dragon
  8457 | D:8      | Reached skill level 7 in Invocations
  8710 | D:8      | Found a shimmering blue altar of Sif Muna.
  8722 | D:8      | Reached *** piety under Nemelex Xobeh
  8766 | D:8      | Found a white marble altar of Elyvilon.
  8791 | D:8      | Received a gift from Nemelex Xobeh
  8861 | D:8      | Found a staircase to the Lair.
  8862 | D:8      | Noticed a komodo dragon
  9222 | D:9      | Received a gift from Nemelex Xobeh
  9294 | D:8      | Reached skill level 8 in Invocations
  9420 | D:8      | Reached skill level 9 in Invocations
  9583 | D:9      | Noticed a troll
 10131 | D:4      | Found an ornate altar of the Wu Jian Council.
 10383 | D:4      | Killed Pikel
 10929 | D:8      | a komodo dragon changed into a fire bat
 10937 | D:8      | Reached skill level 1 in Armour
 10937 | D:8      | Reached XP level 10. HP: 56/56 MP: 18/18
 10968 | Lair:1   | Entered Level 1 of the Lair of Beasts
 11117 | Lair:1   | Noticed an elephant
 11117 | Lair:1   | Noticed an elephant
 11143 | Lair:1   | Killed an elephant
 11159 | Lair:1   | Noticed an elephant
 11169 | Lair:1   | Killed an elephant
 11180 | Lair:1   | Reached skill level 5 in Fighting
 11181 | Lair:1   | Noticed a cane toad
 11182 | Lair:1   | a cane toad changed into a river rat
 11343 | Lair:1   | Noticed an elephant
 11349 | Lair:1   | Killed an elephant
 11357 | Lair:1   | Killed an elephant
 11526 | Lair:1   | Noticed a cane toad
 11833 | Lair:1   | Reached XP level 11. HP: 64/64 MP: 19/19
 12100 | Lair:1   | Reached skill level 5 in Long Blades
 12275 | Lair:1   | Learned a level 1 spell: Apportation
 12342 | Lair:1   | Received a gift from Nemelex Xobeh
 13320 | D:9      | Reached skill level 10 in Dodging
 13348 | D:9      | Found an opulent altar of Gozag.
 13436 | D:9      | Found an iron altar of Okawaru.
 13519 | D:9      | Noticed a two-headed ogre
 13886 | D:10     | Entered Level 10 of the Dungeon
 13886 | D:10     | Noticed a two-headed ogre
 13886 | D:10     | Reached **** piety under Nemelex Xobeh
 13897 | D:10     | Killed a two-headed ogre
 14468 | D:10     | Noticed a soul eater
 14975 | D:10     | Found a staircase to the Orcish Mines.
 15067 | D:10     | Identified the +0 scale mail of Gehenna {Str+2}
 15745 | D:10     | Found a staircase to the Orcish Mines.
 16150 | D:11     | Noticed a two-headed ogre
 16170 | D:11     | Killed a two-headed ogre
 16171 | D:11     | Reached XP level 12. HP: 72/72 MP: 20/20
 18277 | D:11     | Found a portal to a secret trove of treasure.
 18821 | Lair:2   | Received a gift from Nemelex Xobeh
 19091 | Lair:1   | Reached skill level 10 in Long Blades
 19902 | Lair:2   | Reached skill level 5 in Armour
 21280 | Lair:2   | Found a runed translucent door.
 21289 | Lair:2   | Found a staircase to the Swamp.
 21463 | Lair:2   | Reached skill level 10 in Invocations
 21698 | Lair:3   | Received a gift from Nemelex Xobeh
 21713 | Lair:3   | Noticed a death yak
 22031 | Lair:3   | Noticed a death yak
 22052 | Lair:2   | Reached ***** piety under Nemelex Xobeh
 22146 | Lair:2   | Reached skill level 11 in Invocations
 22300 | Lair:2   | Found a staircase to the Snake Pit.
 22741 | Lair:2   | Noticed Dekkoka's ghost (journeyman HOEE)
 22770 | Lair:2   | Found a runed translucent door.
 22770 | Lair:2   | Noticed a reaper
 22794 | Lair:2   | Reached XP level 13. HP: 44/76 MP: 23/23
 22992 | Lair:2   | HP: 1/114 [cane toad (16)]
 22993 | Lair:2   | Succumbed to a black mamba's poison

Illustrated notes

Levels and vault maps discovered:
D:1:      kennysheep_arrival_seaside, layout_basic
D:2:      minmay_spotlight, layout_loops_ring
D:3:      layout_basic, lemuel_tele_altar
D:4:      minmay_polygon_palace, layout_basic, mainiacjoe_overflow_catwalk,
          uniq_edmund, uniq_pikel, uniq_robin
D:5:      layout_rooms, minmay_temple_entry_gardened_gates, gammafunk_ghost_hive
D:6:      layout_rooms, lemuel_coloured_pillars_altar, gammafunk_ghost_smash
D:7:      layout_basic, grunt_temple_overflow_order_and_chaos_2
D:8:      layout_basic, mainiacjoe_overflow_brackets,
          nicolae_overflow_hidden_temple, david_lair_shrubbed
D:9:      layout_rooms, lemuel_round_altar, mainiacjoe_overflow_chevrons
D:10:     layout_rooms, zombieorc2_lemuel
D:11:     layout_basic, nicolae_trove_entry_crystal
Temple:   nicolae_temple_god_jail
Lair:1:   layout_small_grid, gauntlet_entry_generic, grunt_megastairs_2,
          infiniplex_staircase_pool
Lair:2:   nzn_winding_woodlands_small [nzn_winding_woodlands_5x15_parted,
          nzn_winding_woodlands_center_lodge,
          nzn_winding_woodlands_5x15_sawtooth], layout_long_grid,
          mainiacjoe_swamp_entry_lozenge_pond, alex1729_snake_entry_snake,
          ebering_ghost_reflecting_pool, pdpol_lair_cabin_in_the_woods
Lair:3:   mu_elephants_graveyard, layout_cave_pods

Skill      XL: |  1  2  3  4  5  6  7  8  9 10 11 12 13 |
---------------+----------------------------------------+-----
Fighting       | 2 3 4 6 7 |  7.0
Stealth        | 1 2 3 4 5 |  5.0
Short Blades   | 4 5 6 8 |  8.0
Dodging        | 4 5 6 9 10 | 10.5
Invocations    | 6 9 11 | 11.0
Armour         | 1 4 6 7 |  7.0
Long Blades    | 4 8 10 | 10.2
Throwing       | 3 |  3.8

Action                     |  1- 3 |  4- 6 |  7- 9 | 10-12 | 13-15 || total
---------------------------+-------+-------+-------+-------+-------++-------
  Melee: Rapier            |   125 |       |       |       |       ||   125
         Dagger            |    28 |   146 |   117 |    13 |       ||   304
         Punch             |     2 |     4 |     4 |    14 |       ||    24
         Short sword       |       |       |   266 |    96 |       ||   362
         Long sword        |       |       |       |   612 |    24 ||   636
         Great sword       |       |       |       |   124 |       ||   124
  Throw: Throwing net      |       |     2 |     4 |     6 |     1 ||    13
         Dart              |       |     5 |    20 |   114 |       ||   139
         Stone             |       |     4 |     7 |       |       ||    11
         Javelin           |       |     2 |     6 |    54 |       ||    62
         Boomerang         |       |       |    26 |    36 |       ||    62
 Invoke: Draw Destruction  |       |       |    13 |    19 |       ||    32
         Draw Escape       |       |       |     1 |    10 |     3 ||    14
         Draw Summoning    |       |       |       |     8 |       ||     8
         Triple Draw       |       |       |       |     1 |       ||     1
  Evoke: Wand              |       |       |    10 |    22 |     1 ||    33
    Use: Scroll            |     2 |     1 |     5 |    15 |     1 ||    24
         Potion            |       |       |     5 |    16 |     3 ||    24
   Stab: Sleeping          |     5 |     3 |     4 |     2 |       ||    14
         Held in net/web   |       |     2 |     2 |     2 |     1 ||     7
         Distracted        |       |       |       |     2 |       ||     2
         Invisible         |       |       |       |     3 |       ||     3
 Armour: Leather armour    |    88 |    42 |    45 |       |       ||   175
         Ring mail         |       |       |    98 |       |       ||    98
         Skin              |       |       |    53 |    37 |       ||    90
         Scale mail        |       |       |       |   552 |    14 ||   566
  Dodge: Dodged            |   109 |    47 |   163 |   536 |     9 ||   864
